 Dungeon Sprint DCSS version 0.26.1-11-gd32895ea62 (webtiles) character file.

Game seed: 9078892270668845654

9000000 Zeld the Conqueror (level 27, -64/248 (273) HPs)
             Began as a Minotaur Monk on June 6, 2021.
             Was the Champion of Makhleb.
             Killed from afar by a wretched soul (66 damage)
             ... with a bolt of negative energy
             ... in the Dungeon (Sprint VIII: "Arena of Blood").
             The game lasted 00:02:46 (90 turns).

Zeld the Conqueror (Minotaur Monk)                    Turns: 90, Time: 00:02:46

HP:   -64/248 (273) AC:  4    Str: 28    XL:     27
MP:   34/53         EV: 31    Int:  7    God:    Makhleb [******]
Gold: 0             SH:  0    Dex: 14    Spells: 80/80 levels left

rFire    . . .     SeeInvis .   h - +∞ Axe of Woe
rCold    . . .     Faith    .   (shield currently unavailable)
rNeg     . . .     Spirit   .   a - +0 robe
rPois    .         Reflect  .   (helmet restricted)
rElec    .         Harm     .   (no cloak)
rCorr    .         Rampage  .   (no gloves)
Will     ++...     NoTele   +   (no boots)
Stlth    +++++++++.             (no amulet)
HPRegen  0.51/turn              (no ring)
MPRegen  0.33/turn              (no ring)

@: drained
A: retaliatory headbutt, horns 2
a: Renounce Religion, Minor Destruction, Lesser Servant of Makhleb, Major
Destruction, Greater Servant of Makhleb


You were in the Dungeon.
You worshipped Makhleb.
Makhleb was exalted by your worship.
You visited 1 branch

Inventory:

Hand Weapons
 h - the +∞ Axe of Woe (weapon)
   (You found it in the Dungeon)
Armour
 a - a +0 robe (worn)
Scrolls
 g - a scroll of blinking
Potions
 b - a potion of curing
 c - a potion of heal wounds
 d - a potion of haste
 e - 2 potions of magic
 f - a potion of berserk rage


   Skills:
 O Level 27 Fighting
 O Level 27 Short Blades
 O Level 27 Long Blades
 O Level 27 Axes
 O Level 27 Maces & Flails
 O Level 27 Polearms
 O Level 27 Staves
 O Level 27 Slings
 O Level 27 Bows
 O Level 27 Crossbows
 O Level 27 Throwing
 O Level 27 Armour
 O Level 27 Dodging
 O Level 27 Stealth
 O Level 27 Shields
 O Level 27 Unarmed Combat
 O Level 27 Spellcasting
 O Level 27 Conjurations
 O Level 27 Hexes
 O Level 27 Summonings
 O Level 27 Necromancy
 O Level 27 Translocations
 O Level 27 Transmutations
 O Level 27 Fire Magic
 O Level 27 Ice Magic
 O Level 27 Air Magic
 O Level 27 Earth Magic
 O Level 27 Poison Magic
 O Level 27 Invocations
 O Level 27 Evocations


You had 80 spell levels left.
You didn't know any spells.
Your spell library was empty.

Dungeon Overview and Level Annotations

Branches:
Dungeon (1/1)

Altars:
Makhleb


Innate Abilities, Weirdness & Mutations

You reflexively headbutt those who attack you in melee.
You have a pair of horns on your head.


Message History

Your body is wracked with pain!
* * * LOW HITPOINT WARNING * * *
Unknown command.
Press: ? - help, v - describe, . - travel, g - get item
Here: a meat beast (fast)
Items here: )))))) ======.
A staircase leading out of the dungeon, spattered with blood.
Unknown command.
You slash the meat beast!
You hew the meat beast savagely.
You kill the meat beast!
Makhleb accepts your kill.
You are engulfed in blazing flames.
* * * LOW HITPOINT WARNING * * *
You hear a shout! x2
A corpse begins to drag itself along the ground!
Some corpses meld into an agglomeration of writhing flesh!
A bolt of negative energy appears from out of thin air!
Deactivating autopickup; reactivate with Ctrl-A.
The bolt of negative energy hits you!!!
You feel drained.
You die... oo..

.. W.... .. #...
M# . #... ..#
..###..o ..###.
.......###....DD
z......O§°§{o..z
#))@)X# #_)2)x#
#))O)V#
o...._......
V.....###......
..###... ..###.
. #... ..# #...
..# ..... ..


You could see an accursed, a meat beast (fast), 2 eight-headed meat hydras, a
destroyer, a sculptor of flesh, a large abomination, a dread, 2 meat berserkers,
3 bags of meat and a crawling corpse.

Vanquished Creatures
  11 hell beasts (D)
  3 royal mummies (D)
  A wraith (D)
  Harold (D)
  12 vampire knights (D)
  32 ogres (D)
  6 two-headed ogres (D)
  3 liches (D)
  A hydra (D)
  62 orcs (D)
  A phantom (D)
  9 skeletal warriors (D)
  10 small abominations (D)
  5 large abominations (D)
  9 crawling corpses (D)
166 creatures vanquished.

Vanquished Creatures (collateral kills)
  A hydra (D)
1 creature vanquished.

Vanquished Creatures (others)
  A hydra (D)
  3 crawling corpses (D)
4 creatures vanquished.

Grand Total: 171 creatures vanquished

Notes
Turn   | Place    | Note
-------+----------+-------------------------------------------
     0 | D        | Found the +∞ Axe of Woe
     0 | D        | Zeld the Minotaur Monk began the quest for the Orb.
     0 | D        | Reached XP level 1. HP: 19/19 MP: 0/0
     2 | D        | Became a worshipper of Makhleb the Destroyer
     2 | D        | Reached * piety under Makhleb
     2 | D        | Reached ** piety under Makhleb
     3 | D        | Noticed a bag of meat
     3 | D        | Noticed a bag of meat
     4 | D        | Noticed a bag of meat
     4 | D        | Noticed a bag of meat
     4 | D        | Noticed a bag of meat
     4 | D        | Noticed a bag of meat
     5 | D        | Noticed a bag of meat
     5 | D        | Noticed a bag of meat
     5 | D        | Noticed a bag of meat
     7 | D        | Noticed a bag of meat
     8 | D        | Noticed a bag of meat
     8 | D        | Noticed a bag of meat
    10 | D        | Killed a bag of meat
    10 | D        | Killed a bag of meat
    10 | D        | Noticed a meat berserker
    10 | D        | Noticed a meat berserker
    11 | D        | Reached skill level 5 in Axes
    11 | D        | Reached XP level 2. HP: 54/59 MP: 1/1
    11 | D        | Reached XP level 3. HP: 61/66 MP: 2/2
    11 | D        | Reached XP level 4. HP: 68/74 MP: 3/3
    11 | D        | Reached XP level 5. HP: 75/81 MP: 4/4
    11 | D        | Reached XP level 6. HP: 83/90 MP: 5/5
    11 | D        | Reached XP level 7. HP: 89/96 MP: 6/6
    11 | D        | Reached XP level 8. HP: 97/105 MP: 7/7
    11 | D        | Reached XP level 9. HP: 104/112 MP: 8/8
    11 | D        | Reached XP level 10. HP: 112/121 MP: 9/9
    11 | D        | Reached XP level 11. HP: 118/127 MP: 10/10
    11 | D        | Reached XP level 12. HP: 126/136 MP: 11/11
    11 | D        | Killed a bag of meat
    11 | D        | Killed a bag of meat
    11 | D        | Reached *** piety under Makhleb
    11 | D        | Killed a bag of meat
    11 | D        | Killed a bag of meat
    11 | D        | Killed a bag of meat
    11 | D        | Reached **** piety under Makhleb
    11 | D        | Noticed a bag of meat
    11 | D        | Noticed a bag of meat
    11 | D        | Noticed a meat berserker
    12 | D        | Reached skill level 27 in Fighting
    12 | D        | Reached XP level 13. HP: 119/159 MP: 12/12
    12 | D        | Reached XP level 14. HP: 126/168 MP: 13/13
    12 | D        | Reached XP level 15. HP: 130/174 MP: 14/14
    12 | D        | Reached ***** piety under Makhleb
    13 | D        | Reached skill level 27 in Dodging
    13 | D        | Reached skill level 10 in Stealth
    13 | D        | Reached skill level 27 in Unarmed Combat
    13 | D        | Reached XP level 16. HP: 153/183 MP: 15/15
    13 | D        | Killed a meat berserker
    13 | D        | Noticed a meat berserker
    14 | D        | Reached skill level 27 in Axes
    14 | D        | Reached XP level 17. HP: 191/191 MP: 16/16
    14 | D        | Killed a meat berserker
    14 | D        | Killed a meat berserker
    14 | D        | Noticed a meat berserker
    15 | D        | Reached skill level 27 in Stealth
    15 | D        | Reached XP level 18. HP: 200/200 MP: 17/17
    16 | D        | Noticed a meat berserker
    17 | D        | Reached skill level 5 in Long Blades
    17 | D        | Reached skill level 5 in Maces & Flails
    17 | D        | Reached skill level 5 in Polearms
    17 | D        | Reached skill level 5 in Staves
    17 | D        | Reached skill level 5 in Armour
    17 | D        | Reached skill level 5 in Shields
    18 | D        | Noticed a destroyer
    19 | D        | Reached skill level 5 in Short Blades
    19 | D        | Reached skill level 5 in Slings
    19 | D        | Reached skill level 5 in Bows
    19 | D        | Reached skill level 5 in Crossbows
    19 | D        | Reached skill level 5 in Throwing
    19 | D        | Reached skill level 5 in Invocations
    19 | D        | Killed a meat berserker
    20 | D        | Reached skill level 5 in Spellcasting
    20 | D        | Reached skill level 5 in Hexes
    20 | D        | Reached XP level 19. HP: 207/207 MP: 17/26
    20 | D        | Killed a meat berserker
    20 | D        | Reached ****** piety under Makhleb
    21 | D        | Reached skill level 10 in Short Blades
    21 | D        | Reached skill level 10 in Long Blades
    21 | D        | Reached skill level 10 in Maces & Flails
    21 | D        | Reached skill level 10 in Polearms
    21 | D        | Reached skill level 10 in Staves
    21 | D        | Reached skill level 10 in Slings
    21 | D        | Reached skill level 10 in Bows
    21 | D        | Reached skill level 10 in Crossbows
    21 | D        | Reached skill level 10 in Armour
    21 | D        | Reached skill level 10 in Shields
    21 | D        | Noticed a large bag of meat
    21 | D        | Noticed a destroyer
    21 | D        | Noticed a large bag of meat
    22 | D        | Killed a meat berserker
    22 | D        | Noticed a meat berserker
    23 | D        | Reached XP level 20. HP: 216/216 MP: 17/33
    23 | D        | Noticed a meat berserker
    24 | D        | Killed a large bag of meat
    24 | D        | Killed a destroyer
    25 | D        | Reached skill level 27 in Invocations
    25 | D        | Reached XP level 21. HP: 163/224 MP: 18/37
    27 | D        | Noticed a destroyer
    27 | D        | Killed a destroyer
    27 | D        | Killed a large bag of meat
    27 | D        | Killed a destroyer
    28 | D        | Reached skill level 15 in Short Blades
    28 | D        | Reached skill level 15 in Slings
    28 | D        | Reached skill level 15 in Bows
    28 | D        | Reached skill level 15 in Crossbows
    28 | D        | Reached skill level 10 in Spellcasting
    28 | D        | Reached skill level 10 in Hexes
    28 | D        | Reached XP level 22. HP: 204/233 MP: 18/38
    28 | D        | Noticed a destroyer
    29 | D        | Reached XP level 23. HP: 227/240 MP: 19/39
    29 | D        | Noticed a destroyer
    29 | D        | Noticed a destroyer
    30 | D        | Noticed The Servant
    31 | D        | Reached skill level 15 in Throwing
    32 | D        | Reached skill level 15 in Earth Magic
    32 | D        | Reached XP level 24. HP: 249/249 MP: 19/39
    32 | D        | Noticed a large bag of meat
    33 | D        | Noticed a destroyer
    34 | D        | Killed a destroyer
    35 | D        | Reached skill level 15 in Conjurations
    35 | D        | Reached skill level 15 in Transmutations
    35 | D        | Reached skill level 15 in Poison Magic
    35 | D        | Reached XP level 25. HP: 257/257 MP: 20/39
    37 | D        | Killed a destroyer
    38 | D        | Reached skill level 15 in Summonings
    38 | D        | Reached skill level 15 in Necromancy
    38 | D        | Reached skill level 15 in Translocations
    38 | D        | Reached skill level 15 in Fire Magic
    38 | D        | Reached skill level 15 in Ice Magic
    38 | D        | Reached skill level 15 in Air Magic
    38 | D        | Killed a destroyer
    39 | D        | Reached XP level 26. HP: 266/266 MP: 21/40
    39 | D        | Noticed a destroyer
    39 | D        | Noticed a large bag of meat
    40 | D        | Killed The Servant
    42 | D        | Reached skill level 15 in Spellcasting
    42 | D        | Reached skill level 15 in Hexes
    42 | D        | Killed a destroyer
    43 | D        | Reached XP level 27. HP: 273/273 MP: 22/41
    43 | D        | Killed a large bag of meat
    43 | D        | Noticed a large bag of meat
    44 | D        | Killed a destroyer
    45 | D        | Noticed a destroyer
    47 | D        | Killed a destroyer
    49 | D        | Noticed a tyrant
    49 | D        | Killed a tyrant
    50 | D        | Killed a large bag of meat
    50 | D        | Noticed an accursed
    51 | D        | Reached skill level 27 in Long Blades
    51 | D        | Reached skill level 27 in Maces & Flails
    51 | D        | Reached skill level 27 in Polearms
    51 | D        | Reached skill level 27 in Staves
    51 | D        | Reached skill level 27 in Armour
    51 | D        | Reached skill level 27 in Shields
    52 | D        | Killed a large bag of meat
    55 | D        | Noticed a tyrant
    56 | D        | Reached skill level 27 in Short Blades
    57 | D        | Reached skill level 27 in Slings
    57 | D        | Reached skill level 27 in Bows
    57 | D        | Reached skill level 27 in Crossbows
    57 | D        | Killed a tyrant
    58 | D        | Noticed a dread
    59 | D        | Noticed a tyrant
    59 | D        | Noticed an accursed
    61 | D        | Killed an accursed
    62 | D        | Reached skill level 27 in Throwing
    63 | D        | Reached skill level 27 in Evocations
    63 | D        | Noticed a meat beast
    64 | D        | Noticed a meat beast
    64 | D        | Noticed a meat beast
    64 | D        | Noticed a meat beast
    64 | D        | Noticed a tyrant
    65 | D        | Killed a dread
    66 | D        | Noticed a meat beast
    66 | D        | Noticed a destroyer
    67 | D        | Noticed a destroyer
    67 | D        | Killed a meat beast
    67 | D        | Killed a meat beast
    67 | D        | Killed a meat beast
    68 | D        | Reached skill level 27 in Conjurations
    68 | D        | Reached skill level 27 in Summonings
    68 | D        | Reached skill level 27 in Necromancy
    68 | D        | Reached skill level 27 in Translocations
    68 | D        | Reached skill level 27 in Transmutations
    68 | D        | Reached skill level 27 in Fire Magic
    68 | D        | Reached skill level 27 in Ice Magic
    68 | D        | Reached skill level 27 in Air Magic
    68 | D        | Reached skill level 27 in Earth Magic
    68 | D        | Reached skill level 27 in Poison Magic
    68 | D        | Noticed a destroyer
    68 | D        | Killed a meat beast
    69 | D        | Reached skill level 27 in Spellcasting
    69 | D        | Reached skill level 27 in Hexes
    69 | D        | Killed a destroyer
    69 | D        | Noticed an accursed
    70 | D        | Noticed a meat beast
    71 | D        | Killed an accursed
    71 | D        | Killed a meat beast
    72 | D        | Noticed an accursed
    75 | D        | Noticed a meat beast
    75 | D        | Noticed a destroyer
    76 | D        | Killed a tyrant
    77 | D        | Killed a meat beast
    78 | D        | Noticed a large bag of meat
    78 | D        | Killed a meat beast
    78 | D        | Noticed an accursed
    79 | D        | Killed a destroyer
    80 | D        | Noticed a meat beast
    81 | D        | Killed a meat beast
    81 | D        | Noticed a meat beast
    82 | D        | Noticed a dread
    82 | D        | Noticed a meat beast
    83 | D        | Killed an accursed
    84 | D        | Killed a destroyer
    84 | D        | Noticed a destroyer
    86 | D        | Noticed a meat beast
    87 | D        | Killed a meat beast
    88 | D        | Killed a large bag of meat
    88 | D        | Killed a meat beast
    88 | D        | HP: 6/273 [something (22)]
    88 | D        | Noticed a meat beast
    90 | D        | Killed a meat beast
    90 | D        | HP: 1/273 [something (12)]
    90 | D        | Killed from afar by a wretched soul

Illustrated notes

Levels and vault maps discovered:
D:        meatsprint

Skill      XL: |  1  2  3  4  5  6  7  8  9 10 11 12 13 14 15 16 17 18 19 20 21 22 23 24 25 26 27 |
---------------+----------------------------------------------------------------------------------+-----
Fighting       | 21 27 | 27.0
Axes           | 5 16 24 27 | 27.0
Dodging        | 20 25 27 | 27.0
Stealth        | 6 8 10 20 27 | 27.0
Unarmed Combat | 19 24 27 | 27.0
Short Blades   | 8 10 15 16 17 19 20 22 27 | 27.0
Long Blades    | 9 10 16 17 19 20 22 24 27 | 27.0
Maces & Flails | 9 10 16 17 19 20 22 24 27 | 27.0
Polearms       | 9 10 16 17 19 20 22 24 27 | 27.0
Staves         | 9 10 16 17 19 20 22 24 27 | 27.0
Slings         | 8 10 15 16 17 19 20 22 27 | 27.0
Bows           | 8 10 15 16 17 19 20 22 27 | 27.0
Crossbows      | 8 10 15 16 17 19 20 22 27 | 27.0
Throwing       | 8 9 14 16 17 19 20 27 | 27.0
Armour         | 9 10 16 17 19 20 22 24 27 | 27.0
Shields        | 9 10 16 17 19 20 22 24 27 | 27.0
Spellcasting   | 5 6 10 11 12 13 14 15 27 | 27.0
Conjurations   | 6 7 12 14 15 16 18 27 | 27.0
Hexes          | 5 6 10 11 12 13 14 15 27 | 27.0
Summonings     | 6 7 11 13 14 15 16 27 | 27.0
Necromancy     | 6 7 11 13 14 15 16 27 | 27.0
Translocations | 6 7 11 13 14 15 16 27 | 27.0
Transmutations | 6 7 12 14 15 16 18 27 | 27.0
Fire Magic     | 6 7 11 13 14 15 16 27 | 27.0
Ice Magic      | 6 7 11 13 14 15 16 27 | 27.0
Air Magic      | 6 7 11 13 14 15 16 27 | 27.0
Earth Magic    | 6 7 13 15 16 18 19 27 | 27.0
Poison Magic   | 6 7 12 14 15 16 18 27 | 27.0
Invocations    | 8 20 27 | 27.0
Evocations     | 7 8 14 16 17 19 21 27 | 27.0

Action                   |  1- 3 |  4- 6 |  7- 9 | 10-12 | 13-15 | 16-18 | 19-21 | 22-24 | 25-27 || total
-------------------------+-------+-------+-------+-------+-------+-------+-------+-------+-------++-------
Melee: Executioner's axe |     1 |       |       |     1 |     1 |     5 |     4 |     5 |    53 ||    70
Invok: Major Destruction |       |       |       |       |       |       |     2 |       |       ||     2
       Greater Servant o |       |       |       |       |       |       |       |       |     1 ||     1
 Stab: Distracted        |       |       |       |       |       |       |       |       |     1 ||     1
Armor: Robe              |       |       |       |       |       |       |       |       |     2 ||     2
Dodge: Dodged            |       |       |       |       |       |       |       |       |     6 ||     6
